General information
	        
			
        
        - name: BNet
 
        - type: Ladder 1vs1/FFA
 
        - host: Battle.net
 
        - saver: DeadBeatJohnson
 
        
map: SecretValley 
        - players: 2
 
        - length: 23:14
 
        - speed: Fast
 - version: 1.22 W3XP
 - replay type:  Public
 
» download(99 KB)
Players
        team 1 (winner) 
              
              
DeadBeatJohnson (
pink | 135 APM | 3132 actions | 23:14)
              
 7 Keeper of the Grove 
 3 Entangling Roots
 3 Thorns Aura
 1 Tranquility
 2 Naga Sea Witch 
 1 Frost Arrows
 1 Forked Lightning
 
                » actions 
                
                | Assign group hotkey | 44 |  | 
| Basic commands | 220 |  | 
| Build / train | 95 |  | 
| ESC pressed | 7 |  | 
| Enter build submenu | 26 |  | 
| Enter hero's abilities submenu | 9 |  | 
| Right click | 1412 |  | 
| Select / deselect | 819 |  | 
| Select group hotkey | 385 |  | 
| Use ability | 115 |  | 
                3132 total
 » units 
                
                | Wisp | 34 |  | 
| Huntress | 12 |  | 
| Dryad | 16 |  | 
| Druid of the Claw | 5 |  | 
| Hippogryph | 1 |  | 
                68 total
 » upgrades
                
                | Moon Armor | 1 |  | 
| Strength of the Moon | 1 |  | 
| Druid of the Claw Training | 2 |  | 
                4 total
 » buildings
                
                | Altar of Elders | 1 |  | 
| Moon Well | 4 |  | 
| Hunter's Hall | 1 |  | 
| Ancient of War | 2 |  | 
| Tree of Ages | 1 |  | 
| Tree of Life | 3 |  | 
| Ancient of Lore | 6 |  | 
| Ancient of Wonders | 3 |  | 
| Tree of Eternity | 1 |  | 
| Ancient of Wind | 2 |  | 
| Chimaera Roost | 1 |  | 
                25 total
 » build order
                00:04 Altar of Elders
00:07 Moon Well
01:26 Hunter's Hall
01:57 Ancient of War
02:28 Ancient of War
02:31 Moon Well
03:52 Moon Well
05:29 Moon Well
07:25 Tree of Ages
08:38 Tree of Life
09:59 Ancient of Lore
12:39 Ancient of Wonders
12:43 Ancient of Lore
12:48 Ancient of Lore
13:39 Tree of Eternity
15:09 Ancient of Lore
15:11 Ancient of Lore
15:59 Ancient of Lore
16:09 Ancient of Wind
16:15 Ancient of Wonders
16:30 Ancient of Wonders
17:01 Ancient of Wind
19:05 Chimaera Roost
19:53 Tree of Life
20:57 Tree of Life
» items
                
                | Scroll of Healing | 2 |  | 
| Potion of Healing | 4 |  | 
| Potion of Mana | 2 |  | 
| Scroll of Town Portal | 1 |  | 
| Orb of Venom | 1 |  | 
                10 total
  
               team 2 (loser) 
              
              
31.08 (
blue | 137 APM | 3182 actions | 23:12)
              
 7 Priestess of the Moon 
 3 Searing Arrows
 3 Trueshot Aura
 1 Starfall
 
                » actions 
                
                | Assign group hotkey | 477 |  | 
| Basic commands | 21 |  | 
| Build / train | 69 |  | 
| ESC pressed | 9 |  | 
| Enter build submenu | 10 |  | 
| Enter hero's abilities submenu | 8 |  | 
| Give item / drop item | 1 |  | 
| Right click | 1615 |  | 
| Select / deselect | 300 |  | 
| Select group hotkey | 584 |  | 
| Use ability | 88 |  | 
                3182 total
 » units 
                
                | Wisp | 12 |  | 
| Huntress | 23 |  | 
| Glaive Thrower | 10 |  | 
| Archer | 10 |  | 
                55 total
 » upgrades
                » buildings
                
                | Altar of Elders | 1 |  | 
| Moon Well | 5 |  | 
| Ancient of War | 2 |  | 
| Hunter's Hall | 1 |  | 
| Tree of Life | 1 |  | 
                10 total
 » build order
                00:08 Altar of Elders
00:20 Moon Well
01:51 Ancient of War
01:55 Hunter's Hall
02:10 Moon Well
02:28 Ancient of War
02:36 Moon Well
04:03 Moon Well
07:24 Moon Well
19:38 Tree of Life
» items
                
                | Dust of Appearance | 1 |  | 
| Scroll of Town Portal | 2 |  | 
| Scroll of Protection | 1 |  | 
                4 total
  
                Chat log
          (00:40 / All) 31.08: gl gg bro
(00:46 / All) DeadBeatJohnson: same to u
(15:54 / All) 31.08: gg
(19:28 / All) 31.08: es i agree
(19:31 / All) 31.08: that balistas r gay